 Dungeon Crawl Stone Soup version 0.21.1-1-g345015f (webtiles) character file.

98 inc the Cudgeler (level 4, 7/35 HPs)
             Began as a Demonspawn Monk on Mar 14, 2018.
             Quit the game on level 2 of the Dungeon.
             The game lasted 00:02:22 (2011 turns).

inc the Cudgeler (Demonspawn Monk)                  Turns: 2011, Time: 00:02:22

Health: 7/35       AC:  5    Str: 12    XL:     4   Next: 44%
Magic:  4/4        EV: 13    Int: 12    God:
Gold:   65         SH:  0    Dex: 15    Spells: 3/3 levels left

rFire    . . .     SeeInvis .   a - +0 mace
rCold    . . .     Gourm    +   (no shield)
rNeg     . . .     Faith    .   e - +0 ring mail
rPois    .         Spirit   .   (no helmet)
rElec    .         Reflect  .   (no cloak)
rCorr    .         Harm     .   (no gloves)
MR       .....                  (no boots)
Stlth    +.........             m - amulet of the gourmand
HPRegen  0.11/turn              (no ring)
MPRegen  0.09/turn              (no ring)

@: no status effects
A: talons 2, repulsion field 1
a: no special abilities


You were on level 2 of the Dungeon.
You were not hungry.

You visited 1 branch of the dungeon, and saw 2 of its levels.

You collected 65 gold pieces.

Inventory:

Hand Weapons
 a - a +0 mace (weapon)
Armour
 b - a +0 robe
 e - a +0 ring mail (worn)
Jewellery
 m - an amulet of the gourmand (around neck)
 q - an uncursed ring of poison resistance {unknown}
Scrolls
 f - a scroll of magic mapping {unknown}
 h - a scroll of remove curse {unknown}
 i - a scroll of fear {unknown}
 j - 2 scrolls of identify {unknown}
 k - a scroll of fog {unknown}
 l - a scroll of random uselessness {unknown}
 n - a scroll of enchant weapon {unknown}
 s - a scroll of teleportation {unknown}
 u - a scroll of immolation {unknown}
Potions
 d - a potion of agility {unknown}
 g - a potion of might {unknown}
 o - a potion of experience {unknown}
 p - a potion of berserk rage {unknown}
 r - a potion of degeneration {unknown}
 t - a potion of mutation {unknown}
Comestibles
 c - 2 rations


   Skills:
 - Level 3.0 Fighting
 + Level 4.8 Maces & Flails
 - Level 2.6 Dodging
 - Level 1.7 Stealth


You had 3 spell levels left.
You didn't know any spells.

Dungeon Overview and Level Annotations

Branches:
Dungeon (2/15)

Altars:


Innate Abilities, Weirdness & Mutations

You have razor-sharp toenails.
You are surrounded by a mild repulsion field. (EV +2)


Message History

* * * LOW HITPOINT WARNING * * *
You hit the worm. You claw the worm.
The worm is almost dead.
The bat hits you but does no damage. The worm bites you but does no damage.
You sock the worm!
You kill the worm!
The bat hits you but does no damage. The bat barely misses you.
The bat hits you.
* * * LOW HITPOINT WARNING * * *
The bat hits you but does no damage.
You barely miss the bat. The bat hits you but does no damage.
You hit the bat.
You kill the bat!
Found a club.
A bat, a rat and a kobold come into view.
The kobold shouts!
You hear an angry hiss.
The kobold throws a stone.
The stone hits you but does no damage. The bat hits you.
* * * LOW HITPOINT WARNING * * *
Are you sure you want to abandon this character and quit the game? (Confirm with "yes".)

...... .. .........).(
...... #.# ############
....).# #.# ########..
.......##.#####........#
....<.......##..##.#####
....(.#..##.##.##..#
......b......†..<.##
........####†#......#
..K....@.....######..#
.........>.### #....
####.......# ####
#r.......# ...%......#
#.#..........
#.#.....(..### .. #
#........# #..#
####...#.# #..


You could see a bat, a kobold and a rat.

Vanquished Creatures
  4 gnolls
  An ooze (D:2)
  4 worms (D:2)
  A dart slug (D:2)
  2 ball pythons
  4 giant cockroaches (D:1)
  3 goblins
  5 hobgoblins
  A quokka (D:2)
  5 bats
  4 frilled lizards
  4 kobolds
  5 rats
43 creatures vanquished.

Notes
Turn   | Place    | Note
-------+----------+-------------------------------------------
     0 | D:1      | inc the Demonspawn Monk began the quest for the Orb.
     0 | D:1      | Reached XP level 1. HP: 18/18 MP: 1/1
   120 | D:1      | Reached skill level 3 in Maces & Flails
   126 | D:1      | Gained mutation: You have sharp toenails. [demonic ancestry]
   126 | D:1      | Reached XP level 2. HP: 19/24 MP: 2/2
   658 | D:2      | Reached skill level 4 in Maces & Flails
   658 | D:2      | Gained mutation: You are surrounded by a mild repulsion field. (EV +2) [demonic ancestry]
   658 | D:2      | Reached XP level 3. HP: 14/29 MP: 3/3
  1305 | D:2      | Gained mutation: You have razor-sharp toenails. [demonic ancestry]
  1305 | D:2      | Reached XP level 4. HP: 35/35 MP: 4/4
  2011 | D:2      | Quit the game

Skill      XL: |  1  2 |
---------------+-------+-----
Maces & Flails | 3 4 |  4.8
Fighting       | |  3.0
Dodging        | |  2.6
Stealth        | |  1.7

Action                   |  1- 3 |  4- 6 || total
-------------------------+-------+-------++-------
Melee: Mace              |    59 |    71 ||   130
       Kick              |    17 |    13 ||    30
 Stab: Sleeping          |       |     1 ||     1
  Eat: Chunk             |     5 |       ||     5
Armor: Ring mail         |    20 |    22 ||    42
Dodge: Dodged            |    48 |    65 ||   113
